 Dungeon Crawl Stone Soup version 0.19-a0-1654-g9d3f708 (webtiles) character file.

51 Alarkh the Grave Robber (level 3, -1/24 HPs)
             Began as a Mummy Necromancer on Sept 20, 2016.
             Slain by a quokka (2 damage)
             ... on level 2 of the Dungeon.
             The game lasted 00:02:01 (1561 turns).

Alarkh the Grave Robber (Mummy Necromancer)         Turns: 1561, Time: 00:02:01

Health: -1/24      AC:  3    Str: 14    XL:     3   Next: 58%
Magic:  0/7        EV: 12    Int: 15    God:
Gold:   127        SH:  0    Dex: 12    Spells: 2 memorised, 4 levels left

rFire  x . .     SeeInvis .     c - +0 mace
rCold  + . .     Gourm    .     a - +0 robe
rNeg   + + +     Faith    .     (no shield)
rPois  ∞         Spirit   .     (no helmet)
rElec  .         Dismiss  .     j - +0 cloak
rCorr  .         Reflect  .     (no gloves)
MR     .....     Harm     .     (no boots)
Stlth  ++........               (no amulet)
                                (no ring)
                                d - +3 ring of strength

@: no status effects
A: no food or potions, fire vulnerability, cold resistance 1, negative energy
resistance 3, torment resistance, unbreathing
a: no special abilities


You were on level 2 of the Dungeon.
You were not hungry.

You visited 1 branch of the dungeon, and saw 2 of its levels.

You collected 127 gold pieces.

Inventory:

Hand Weapons
 c - a +0 mace (weapon)
Armour
 a - a +0 robe (worn)
 i - a +0 shield
 j - a +0 cloak (worn)
Jewellery
 d - a +3 ring of strength (left hand)
Scrolls
 e - a scroll of identify
 f - a scroll of enchant weapon
 g - a scroll of fear
 h - a scroll of recharging
Books
 b - a book of Necromancy

   Spells                             Type                      Level
   a - Pain                           Necromancy                   1
   b - Animate Skeleton               Necromancy                   1
   c - Vampiric Draining              Necromancy                   3
   d - Regeneration                   Charms/Necromancy            3
   e - Animate Dead                   Necromancy                   4
   f - Control Undead                 Necromancy                   4


   Skills:
 - Level 1.5 Dodging
 - Level 1.5 Stealth
 + Level 3.0 Spellcasting
 + Level 4.7 Necromancy


You had 4 spell levels left.
You knew the following spells:

 Your Spells              Type           Power        Failure   Level  Hunger
a - Pain                  Necr           ###.         3%          1    N/A
b - Vampiric Draining     Necr           ###.......   12%         3    N/A

Dungeon Overview and Level Annotations

Branches:
Dungeon (2/15)

Altars:


Innate Abilities, Weirdness & Mutations

You do not eat or drink.
Your flesh is vulnerable to fire.
You are immune to poison.
Your flesh is cold resistant. (rC+)
You are immune to negative energy. (rN+++)
You are immune to unholy pain and torment.
You can survive without breathing.


Message History

The quokka barely resists.
The quokka bites you.
* * * LOW HITPOINT WARNING * * *
You closely miss the quokka.
The quokka is severely wounded.
The quokka bites you.
* * * LOW HITPOINT WARNING * * *
The quokka bites you.
* * * LOW HITPOINT WARNING * * *
You miss the quokka.
The quokka is severely wounded.
The quokka barely misses you.
The quokka bites you but does no damage.
You hit the quokka but do no damage.
The quokka is severely wounded.
The quokka bites you.
* * * LOW HITPOINT WARNING * * *
You barely miss the quokka.
The quokka is severely wounded.
The quokka bites you.
You die...

....#.##.###.### ...............
######....# ####.### .......†..#
# #...# # #)..# # # #...# #
######### #.#####...# # ####
#.......# #..@r.†...#.# #...
#)#####.# #########..#.### #.##
#.#####.# #..............# #...
#†##....# #.####.........# ####
#.##.#### #.# #.........# #
#.##.# #.# #.........#
#.##.#######.# #.........#
#.##.........# ################
#.###################...........


You could see a quokka.

Vanquished Creatures
  An adder (D:2)
  A dart slug (D:1)
  2 leopard geckos (D:1)
  3 bats
  4 goblins
  6 hobgoblins
  5 jackals
  A quokka (D:2)
  A ball python (D:2)
  5 frilled lizards
  4 kobolds
  5 rats (D:1)
38 creatures vanquished.

Notes
Turn   | Place    | Note
-------+----------+-------------------------------------------
     0 | D:1      | Alarkh the Mummy Necromancer began the quest for the Orb.
     0 | D:1      | Reached XP level 1. HP: 13/13 MP: 3/3
   412 | D:1      | Reached XP level 2. HP: 15/19 MP: 0/5
   987 | D:1      | Reached XP level 3. HP: 18/24 MP: 0/7
  1483 | D:2      | Learned a level 3 spell: Vampiric Draining
  1560 | D:2      | HP: 1/24 [quokka (1)]
  1561 | D:2      | Slain by a quokka

Vault maps used:
D:1:      dpeg_arrival_central
D:2:      minmay_overflow_temple_hex

Skill      XL: |  1  2  3 |
---------------+----------+-----
Spellcasting   | 3 |  3.0
Dodging        | |  1.5
Stealth        | |  1.5
Necromancy     | |  4.7

Action                   || total
-------------------------++-------
Melee: Mace              ||    48
 Cast: Pain              ||    58
  Use: Scroll            ||     3
Armor: Robe              ||    17
Dodge: Dodged            ||    38
